 Dungeon Crawl Stone Soup version 0.14-a0-987-gc8002fa (webtiles) character file.

1959 4tharraofdagon the Slasher (level 8, -15/68 HPs)
             Began as a Djinni Abyssal Knight on Nov 21, 2013.
             Was a Priest of Lugonu.
             Demolished by an ogre
             ... wielding a +0,+0 giant club
              (23 damage)
             ... on Level 7 of the Dungeon.
             The game lasted 00:15:12 (2515 turns).

4tharraofdagon the Slasher (Djinni Abyssal Knight)  Turns: 2515, Time: 00:15:12

HP -15/68        AC 10     Str 16      XL: 8   Next: 80%
MP   0/0         EV  6     Int 12      God: Lugonu [***...]
Gold 188         SH  0     Dex 12      Spells:  0 memorised,  7 levels left

Res.Fire  : + + +   See Invis. : .   c - 2 scrolls of fog
Res.Cold  : x . .   Warding    : .   s - +0 chain mail
Life Prot.: + + +   Conserve   : .   (no shield)
Res.Poison: .       Res.Corr.  : .   (no helmet)
Res.Elec. : .       Clarity    : .   (no cloak)
Sust.Abil.: . .     Spirit.Shd : .   (no gloves)
Res.Mut.  : .       Stasis     : .   (boots unavailable)
Res.Rott. : .       Flight     : +   n - amulet of faith
Saprovore : . . .                    u - ring of protection from magic
                                     g - +4,+6 ring of slaying

@: flying, quite resistant to hostile enchantments, extremely unstealthy
A: fire immunity, cold vulnerability, life protection 3
a: Depart the Abyss, Bend Space, Banish, Renounce Religion


You were on level 7 of the Dungeon.
You worshipped Lugonu.
Lugonu was most pleased with you.
You were not hungry.

You visited 1 branch of the dungeon, and saw 9 of its levels.
You visited the Abyss 1 time.

You collected 188 gold pieces.

Inventory:

Hand weapons
 a - a +2,+2 falchion
 A - a +2,+3 orcish short sword
Missiles
 h - 6 darts (quivered)
 E - 7 javelins
Armour
 b - a +0 leather armour
 i - a +0 ring mail
 s - a +0 chain mail (worn)
Magical devices
 o - a wand of frost (5)
 D - a wand of disintegration (3)
Scrolls
 c - 2 scrolls of fog (in hand)
 d - a scroll of magic mapping
 e - a scroll of random uselessness {unknown}
 f - a scroll of fear {unknown}
 j - a scroll of curse weapon {unknown}
 l - a scroll of teleportation
 q - a scroll of noise {unknown}
 v - a scroll of curse armour {unknown}
 w - a scroll of identify
Jewellery
 g - a +4,+6 ring of slaying (left hand)
 k - an uncursed amulet of guardian spirit
 n - an amulet of faith (around neck)
 u - a ring of protection from magic (right hand)
Potions
 m - 2 potions of restore abilities
 p - a potion of berserk rage
 r - a potion of resistance {unknown}
 z - 2 potions of poison {unknown}


   Skills:
 + Level 5.3 Fighting
 * Level 7.5 Long Blades
 + Level 5.8 Armour
 - Level 0.8 Dodging
 + Level 4.7 Invocations
 - Level 1.2 Evocations


You had 7 spell levels left.
You didn't know any spells.

Dungeon Overview and Level Annotations

Branches:
Dungeon (9/16)
 Temple: D:4-7          Orc: D:9-12        Lair: D:8-11

Altars:

Shops:
D:7 /


Innate Abilities, Weirdness & Mutations

You are immune to all types of fire, even holy and hellish.
You are vulnerable to cold.
You need no food.
You have no legs.
You are immune to negative energy.


Message History

You swing at nothing.
You swing at nothing.
You swing at nothing.
You swing at nothing.
You swing at nothing.
You swing at nothing.
You swing at nothing.
You swing at nothing.
You swing at nothing.
You swing at nothing.
You swing at nothing.
You swing at nothing.
You swing at nothing.
An ogre opens the door.
You swing at nothing.
You swing at nothing.
The ogre hits you with a giant club!
You swing at nothing.
The ogre hits you with a giant club!
You swing at nothing.
The ogre hits you with a giant club!
* * * LOW HITPOINT WARNING * * *
You swing at nothing.
The ogre hits you with a giant club!
You die...

.# #.g# #..# ........ .# #..#
#..# ........ .#. #..# #..g
............ .#..#..# #....
............. .#..#..# #.....
............. .#..#.^#
#.######............ .+..#..#
#.+....#............ .#..#..#
#.#....#...######... .#..#..#
#.#@...#...# #... .#..#..#
#.#O...#...# #>.. .'..#..#
#.'....#...# #.(.
.####..#######.######...# #...
........................# #...
...............######...# #...
...............#....#...# #...
...............#....'...# #...
####...........#....#...######...


You could see an ogre.

Vanquished Creatures
  The ghost of miro the Conjurer, an experienced HEFE of Vehumet (D:7)
  A sky beast (D:6)
  5 giant frogs
  3 crimson imps
  A scorpion (D:8)
  5 hounds
  A quasit (D:6)
  4 worker ants
  A killer bee zombie (D:5)
  A hound zombie (D:6)
  2 adders
  2 giant mites
  An inept item mimic (D:5)
  A giant centipede zombie (D:8)
  2 giant geckos
  An ooze (D:3)
  3 orcs
  A ball python (D:6)
  6 bats
  A bat skeleton (D:4)
  5 giant cockroaches
  5 goblins
  5 hobgoblins
  8 jackals
  2 quokkas
  4 giant newts
  8 kobolds
  4 rats
84 creatures vanquished.

Vanquished Creatures (others)
  3 yaks
  An ogre (D:8)
  An ice beast (D:8)
5 creatures vanquished.

Grand Total: 89 creatures vanquished

Notes
Turn   | Place    | Note
--------------------------------------------------------------
     0 | Abyss:1  | 4tharraofdagon, the Djinni Abyssal Knight, began the quest for the Orb.
     0 | Abyss:1  | Reached XP level 1. HP: 15/15 MP: 0/0
    31 | Abyss:1  | Noticed a flaming corpse
    33 | D:1      | Escaped the Abyss
    52 | D:1      | Acquired Lugonu's first power
   145 | D:2      | Reached XP level 2. EP: 21/21
   159 | D:2      | 4tharraofdagon: i guess hp is 0
   213 | D:2      | Reached skill level 3 in Fighting
   301 | D:3      | Reached XP level 3. EP: 9/28
   559 | D:4      | Acquired Lugonu's second power
   573 | D:4      | Reached XP level 4. EP: 23/35
   639 | D:5      | Entered Level 5 of the Dungeon
   702 | D:5      | timbw: banish power
   709 | D:5      | timbw: is capped at something like
   713 | D:5      | timbw: 10 invo
   721 | D:5      | timbw: 10.5 or something like that
   760 | D:5      | Noticed an ogre
   761 | D:5      | Noticed a giant frog
   776 | D:5      | Killed a giant frog
   776 | D:5      | Reached skill level 1 in Evocations
   776 | D:5      | Reached XP level 5. EP: 13/42
   800 | D:6      | Reached skill level 4 in Long Blades
  1021 | D:6      | Acquired Lugonu's third power
  1068 | D:6      | Reached XP level 6. EP: 44/49
  1192 | D:6      | Noticed a sky beast
  1230 | D:6      | Killed a sky beast
  1539 | D:7      | Reached skill level 5 in Long Blades
  1564 | D:7      | Reached XP level 7. EP: 38/56
  1581 | D:7      | Acquired Lugonu's fourth power
  1617 | D:7      | Noticed miro's ghost (experienced HEFE)
  1642 | D:7      | Killed miro's ghost
  1642 | D:7      | Reached skill level 6 in Long Blades
  1642 | D:7      | Reached XP level 8. EP: 26/66
  1754 | D:7      | Found Shirr's Magical Wand Boutique.
  1872 | D:7      | Reached skill level 5 in Armour
  2068 | D:9      | Reached skill level 5 in Fighting
  2068 | D:9      | Reached skill level 7 in Long Blades
  2515 | D:7      | Demolished by an ogre

Action                   |  1- 3 |  4- 6 |  7- 9 || total
-------------------------+-------+-------+-------++-------
Melee: Falchion          |    56 |   133 |    78 ||   267
Invok: Depart the Abyss  |     1 |       |       ||     1
       Banish            |       |       |    10 ||    10
       Bend Space        |       |       |     3 ||     3
Evoke: Wand              |       |     3 |     1 ||     4
  Use: Potion            |     2 |       |     2 ||     4
       Scroll            |       |     5 |     4 ||     9
